TOP OF THE 1ST |
Joplin Blasters batting - Pitching for Americus Braves : RHP Jose Rivero
|
Pitching: RHP Jose Rivero
|
|
Batting: RHB John Normand
|
0-0: Foul Ball, location: 2F 0-1: Swinging Strike 0-2: Strikes out swinging
|
Batting: RHB Mike McClung
|
0-0: Foul Ball, location: 2F 0-1: Foul Ball, location: 2F 0-2: Foul Ball, location: 2F 0-2: Fly out, F9 (Flyball, 9LS, EV 78.8 MPH)
|
Batting: SHB Gary Woodroffe
|
0-0: Foul Ball, location: 2F 0-1: Ball 1-1: Ball 2-1: Foul Ball, location: 2F 2-2: Strikes out looking
|
Top of the 1st over - 0 runs, 0 hits, 0 errors, 0 left on base; Joplin 0 - Americus 0 |
BOTTOM OF THE 1ST |
Americus Braves batting - Pitching for Joplin Blasters : RHP Brian Owens
|
Pitching: RHP Brian Owens
|
|
Batting: RHB Alex Guerra
|
0-0: Ball 1-0: Ball 2-0: Ball 3-0: Called Strike 3-1: SINGLE (Groundball, 56D, EV 96.9 MPH)
|
Batting: RHB Wilson Salgado
|
0-0: Foul Ball, location: 2F 0-1: Foul Ball, location: 2F 0-2: Strikes out swinging
|
Batting: RHB Scott Hansen
|
0-0: Fly out, F9 (Flyball, 9D, EV 85.6 MPH)
|
Batting: RHB Juan Gonzalez
|
0-0: Called Strike Alex Guerra steals 2nd base (no throw) 0-1: Fly out, F8 (Flyball, 89M, EV 93.8 MPH)
|
Bottom of the 1st over - 0 runs, 1 hit, 0 errors, 1 left on base; Joplin 0 - Americus 0 |
TOP OF THE 2ND |
Joplin Blasters batting - Pitching for Americus Braves : RHP Jose Rivero
|
Batting: RHB Colin Padgett
|
0-0: Called Strike 0-1: Ball 1-1: Ball 2-1: Foul Ball, location: 2F 2-2: Ball 3-2: Strikes out swinging
|
Batting: RHB Nate Brewer
|
0-0: Reached on error, E6 (Groundball, 56, EV 98.1 MPH)
|
Batting: LHB Josh Lane
|
0-0: SINGLE (Groundball, 56S, EV 71.9 MPH) (infield hit) Nate Brewer to third
|
Batting: RHB Bobby Leon
|
0-0: Fielders Choice at 2nd, 4-6 (Groundball, 4M, EV 86.2 MPH) Nate Brewer scores
|
Batting: RHB Jimmy Black
|
0-0: Ball 1-0: Called Strike 1-1: Ball 2-1: Called Strike 2-2: Strikes out swinging
|
Top of the 2nd over - 1 run, 1 hit, 1 error, 1 left on base; Joplin 1 - Americus 0 |
BOTTOM OF THE 2ND |
Americus Braves batting - Pitching for Joplin Blasters : RHP Brian Owens
|
Batting: RHB Josh Maxwell
|
0-0: Called Strike 0-1: Ball 1-1: Called Strike 1-2: Ball 2-2: Strikes out swinging
|
Batting: RHB Jose Hurtado
|
0-0: Called Strike 0-1: Ball 1-1: Foul Ball, location: 2F 1-2: Strikes out looking
|
Batting: RHB Bart Stevensdick
|
0-0: Ball 1-0: Ground out U3 (Groundball, 3, EV 87.5 MPH)
|
Bottom of the 2nd over - 0 runs, 0 hits, 0 errors, 0 left on base; Joplin 1 - Americus 0 |
TOP OF THE 3RD |
Joplin Blasters batting - Pitching for Americus Braves : RHP Jose Rivero
|
Batting: RHB Danny Jefferies
|
0-0: Ball 1-0: Fly out, F7 (Flyball, 7, EV 88.1 MPH)
|
Batting: RHB John Normand
|
0-0: Called Strike 0-1: Ball 1-1: Fly out, F8 (Flyball, 8LS, EV 91.2 MPH)
|
Batting: RHB Mike McClung
|
0-0: Called Strike 0-1: Ball 1-1: Ball 2-1: Ground out 4-3 (Groundball, 4M, EV 85.6 MPH)
|
Top of the 3rd over - 0 runs, 0 hits, 0 errors, 0 left on base; Joplin 1 - Americus 0 |
BOTTOM OF THE 3RD |
Americus Braves batting - Pitching for Joplin Blasters : RHP Brian Owens
|
Batting: LHB Pappy Sterile
|
0-0: Called Strike 0-1: Ball 1-1: Called Strike 1-2: Strikes out swinging
|
Batting: RHB Chris Foss
|
0-0: Ball 1-0: Foul Ball, location: 2F 1-1: Foul Ball, location: 2F 1-2: Strikes out swinging
|
Batting: RHB Alex Guerra
|
0-0: Ball 1-0: Called Strike 1-1: Fly out, F3 (Popup, 3L, EV 61.9 MPH)
|
Bottom of the 3rd over - 0 runs, 0 hits, 0 errors, 0 left on base; Joplin 1 - Americus 0 |
TOP OF THE 4TH |
Joplin Blasters batting - Pitching for Americus Braves : RHP Jose Rivero
|
Batting: SHB Gary Woodroffe
|
0-0: Called Strike 0-1: Ball 1-1: Called Strike 1-2: Foul Ball, location: 2F 1-2: Ball 2-2: Foul Ball, location: 2F 2-2: Foul Ball, location: 2F 2-2: Ground out U3 (Groundball, 3, EV 79.4 MPH)
|
Batting: RHB Colin Padgett
|
0-0: Ball 1-0: Ball 2-0: Called Strike 2-1: Swinging Strike 2-2: Ball 3-2: Base on Balls
|
Batting: RHB Nate Brewer
|
0-0: Swinging Strike 0-1: Swinging Strike 0-2: Strikes out swinging
|
Batting: LHB Josh Lane
|
0-0: Ball 1-0: Foul Ball, location: 2F 1-1: Ball 2-1: Foul Ball, location: 2F 2-2: Foul Ball, location: 2F 2-2: Foul Ball, location: 2F 2-2: Fly out, F9 (Flyball, 9, EV 76.9 MPH)
|
Top of the 4th over - 0 runs, 0 hits, 0 errors, 1 left on base; Joplin 1 - Americus 0 |
BOTTOM OF THE 4TH |
Americus Braves batting - Pitching for Joplin Blasters : RHP Brian Owens
|
Batting: RHB Wilson Salgado
|
0-0: Ball 1-0: Swinging Strike 1-1: Ball 2-1: Swinging Strike 2-2: Ball 3-2: Base on Balls
|
Batting: RHB Scott Hansen
|
0-0: Called Strike 0-1: Swinging Strike 0-2: Foul Ball, location: 2F 0-2: Ball 1-2: Grounds into double play, 5-4-3 (Groundball, 56, EV 81.2 MPH)
|
Batting: RHB Juan Gonzalez
|
0-0: Ball 1-0: Foul Ball, location: 2F 1-1: Foul Ball, location: 2F 1-2: Foul Ball, location: 2F 1-2: Strikes out swinging
|
Bottom of the 4th over - 0 runs, 0 hits, 0 errors, 0 left on base; Joplin 1 - Americus 0 |
TOP OF THE 5TH |
Joplin Blasters batting - Pitching for Americus Braves : RHP Jose Rivero
|
Batting: RHB Bobby Leon
|
0-0: Ball 1-0: Called Strike 1-1: Ball 2-1: Called Strike 2-2: Strikes out swinging
|
Batting: RHB Jimmy Black
|
0-0: Ball 1-0: Ball 2-0: Called Strike 2-1: Foul Ball, location: 2F 2-2: Strikes out swinging
|
Batting: RHB Danny Jefferies
|
0-0: Foul Ball, location: 2F 0-1: Ground out 6-3 (Groundball, 6S, EV 81.9 MPH)
|
Top of the 5th over - 0 runs, 0 hits, 0 errors, 0 left on base; Joplin 1 - Americus 0 |
BOTTOM OF THE 5TH |
Americus Braves batting - Pitching for Joplin Blasters : RHP Brian Owens
|
Batting: RHB Josh Maxwell
|
0-0: Ball 1-0: Swinging Strike 1-1: Foul Ball, location: 2F 1-2: Ball 2-2: Strikes out looking
|
Batting: RHB Jose Hurtado
|
0-0: Ball 1-0: Ball 2-0: Ball 3-0: Called Strike 3-1: Called Strike 3-2: Foul Ball, location: 2F 3-2: Strikes out swinging
|
Batting: RHB Bart Stevensdick
|
0-0: Ground out 4-3 (Groundball, 4, EV 98.1 MPH)
|
Bottom of the 5th over - 0 runs, 0 hits, 0 errors, 0 left on base; Joplin 1 - Americus 0 |
TOP OF THE 6TH |
Joplin Blasters batting - Pitching for Americus Braves : RHP Jose Rivero
|
Batting: RHB John Normand
|
0-0: Fly out, F7 (Line Drive, 7, EV 90.0 MPH)
|
Batting: RHB Mike McClung
|
0-0: Called Strike 0-1: Ball 1-1: Called Strike 1-2: Fly out, F9 (Flyball, 9, EV 95.0 MPH)
|
Batting: SHB Gary Woodroffe
|
0-0: Ball 1-0: Foul Ball, location: 2F 1-1: SINGLE (Groundball, 4MD, EV 101.2 MPH)
|
Batting: RHB Colin Padgett
|
0-0: Ball 1-0: Ball 2-0: Ground out 6-3 (Groundball, 6M, EV 100.6 MPH)
|
Top of the 6th over - 0 runs, 1 hit, 0 errors, 1 left on base; Joplin 1 - Americus 0 |
BOTTOM OF THE 6TH |
Americus Braves batting - Pitching for Joplin Blasters : RHP Brian Owens
|
Batting: LHB Pappy Sterile
|
0-0: Ball 1-0: Ground out 4-3 (Groundball, 4, EV 83.1 MPH)
|
Batting: RHB Chris Foss
|
0-0: Called Strike 0-1: Foul Ball, location: 2F 0-2: Foul Ball, location: 2F 0-2: Strikes out swinging
|
Batting: RHB Alex Guerra
|
0-0: Called Strike 0-1: Called Strike 0-2: Strikes out swinging
|
Bottom of the 6th over - 0 runs, 0 hits, 0 errors, 0 left on base; Joplin 1 - Americus 0 |
TOP OF THE 7TH |
Joplin Blasters batting - Pitching for Americus Braves : RHP Jose Rivero
|
Batting: RHB Nate Brewer
|
0-0: Ball 1-0: Ball 2-0: Ball 3-0: Called Strike 3-1: Called Strike 3-2: Base on Balls
|
Batting: LHB Josh Lane
|
0-0: Called Strike 0-1: Ball 1-1: Foul Ball, location: 2F 1-2: Ball 2-2: Foul Ball, location: 2F 2-2: Foul Ball, location: 2F 2-2: Foul Ball, location: 2F 2-2: Foul Ball, location: 2F 2-2: Ball 3-2: Strikes out swinging
|
Batting: RHB Bobby Leon
|
0-0: Ball 1-0: Foul Ball, location: 2F 1-1: Ball 2-1: Ball 3-1: Called Strike 3-2: Foul Ball, location: 2F 3-2: Foul Ball, location: 2F 3-2: Strikes out swinging
|
Pitching: RHP Norm Wamboldt
|
|
Batting: RHB Jimmy Black
|
0-0: Ball 1-0: Called Strike 1-1: Foul Ball, location: 2F 1-2: Foul Ball, location: 2F 1-2: Foul Ball, location: 2F 1-2: Strikes out swinging
|
Top of the 7th over - 0 runs, 0 hits, 0 errors, 1 left on base; Joplin 1 - Americus 0 |
BOTTOM OF THE 7TH |
Americus Braves batting - Pitching for Joplin Blasters : RHP Brian Owens
|
Batting: RHB Wilson Salgado
|
0-0: Ball 1-0: Ball 2-0: Swinging Strike 2-1: SINGLE (Groundball, 6MD, EV 98.1 MPH)
|
Pinch Hitting: LHB Garret Mathis
|
0-0: Swinging Strike 0-1: Foul Ball, location: 2F 0-2: SINGLE (Flyball, 4MD, EV 91.9 MPH) Wilson Salgado to second
|
Pitching: RHP Aaron Blackwell
|
|
Pinch Hitting: RHB Ryan Cole
|
0-0: Called Strike 0-1: Ball 1-1: Ball 2-1: Ball 3-1: Foul Ball, location: 2F 3-2: Base on Balls Wilson Salgado to third Garret Mathis to second
|
Batting: RHB Josh Maxwell
|
0-0: DOUBLE (Groundball, 5L, EV 103.1 MPH) Wilson Salgado scores Garret Mathis scores Ryan Cole to third
|
Batting: RHB Jose Hurtado
|
0-0: Intentional Walk
|
Batting: RHB Bart Stevensdick
|
0-0: Called Strike 0-1: Swinging Strike 0-2: Ball Wild Pitch! Ryan Cole scores Josh Maxwell to third Jose Hurtado to second 1-2: Strikes out swinging
|
Batting: LHB Pappy Sterile
|
0-0: Intentional Walk
|
Batting: RHB Chris Foss
|
0-0: Ball 1-0: Called Strike 1-1: Called Strike 1-2: Foul Ball, location: 2F 1-2: Ball 2-2: Ball 3-2: Strikes out swinging
|
Batting: RHB Alex Guerra
|
0-0: Ball 1-0: GRAND SLAM HOME RUN (Flyball, 7D, EV 96.9 MPH), Distance : 388 ft
|
Pitching: RHP David Bialas
|
|
Batting: RHB Wilson Salgado
|
0-0: Ball 1-0: Ground out U3 (Groundball, 3, EV 101.9 MPH)
|
Bottom of the 7th over - 7 runs, 4 hits, 0 errors, 0 left on base; Joplin 1 - Americus 7 |
TOP OF THE 8TH |
Joplin Blasters batting - Pitching for Americus Braves : RHP Norm Wamboldt
|
Now at 1B: Juan Barela
|
|
Now in LF: Alex Guerra
|
|
Now in RF: Ryan Cole
|
|
Pinch Hitting: RHB Dustin Peterson
|
0-0: Fly out, F7 (Line Drive, 7D, EV 88.8 MPH)
|
Batting: RHB John Normand
|
0-0: Ball 1-0: Ball 2-0: Foul Ball, location: 2F 2-1: Swinging Strike 2-2: Fly out, F3 (Popup, 3SF, EV 75.6 MPH)
|
Batting: RHB Mike McClung
|
0-0: Called Strike 0-1: Ball 1-1: Fly out, F7 (Line Drive, 78M, EV 107.5 MPH)
|
Top of the 8th over - 0 runs, 0 hits, 0 errors, 0 left on base; Joplin 1 - Americus 7 |
BOTTOM OF THE 8TH |
Americus Braves batting - Pitching for Joplin Blasters : RHP David Bialas
|
Now in LF: Matt Weddle
|
|
Batting: RHB Juan Barela
|
0-0: Ball 1-0: Ball 2-0: Ball 3-0: Called Strike 3-1: Single, Error in OF, E9, batter to second base (Groundball, 4D, EV 96.2 MPH)
|
Batting: RHB Ryan Cole
|
0-0: Foul Ball, location: 2F 0-1: Foul Ball, location: 2F 0-2: Ball 1-2: Ball 2-2: Foul Ball, location: 2F 2-2: Ball 3-2: SINGLE (Groundball, 56, EV 102.5 MPH) (infield hit) Juan Barela to third
|
Batting: RHB Josh Maxwell
|
0-0: Ball 1-0: Called Strike 1-1: Ball 2-1: Called Strike 2-2: Fly out, F9 (Flyball, 89D, EV 108.8 MPH) Runner from 3rd tags up, SCORES, throw by RF
|
Batting: RHB Jose Hurtado
|
0-0: Ball 1-0: SINGLE (Groundball, 6MD, EV 97.5 MPH) Ryan Cole to second
|
Batting: RHB Bart Stevensdick
|
0-0: SINGLE (Groundball, 4M, EV 104.4 MPH) (infield hit) Ryan Cole to third Jose Hurtado to second
|
Batting: LHB Pappy Sterile
|
0-0: Called Strike 0-1: Called Strike 0-2: Ball 1-2: Ball 2-2: Ball 3-2: Foul Ball, location: 2F 3-2: Fly out, F9 (Line Drive, 9S, EV 88.1 MPH)
|
Batting: RHB Chris Foss
|
0-0: Swinging Strike 0-1: Ball 1-1: GRAND SLAM HOME RUN (Flyball, 78XD, EV 101.9 MPH), Distance : 429 ft
|
Pitching: LHP Edwin Longoria
|
|
Batting: RHB Alex Guerra
|
0-0: Swinging Strike 0-1: Ball 1-1: Swinging Strike 1-2: Strikes out swinging
|
Bottom of the 8th over - 5 runs, 5 hits, 1 error, 0 left on base; Joplin 1 - Americus 12 |
TOP OF THE 9TH |
Joplin Blasters batting - Pitching for Americus Braves : RHP Norm Wamboldt
|
Pinch Hitting: RHB Cody Marshall
|
0-0: Fly out, F7 (Line Drive, 7D, EV 101.2 MPH)
|
Pinch Hitting: RHB Kevin Lea
|
0-0: Ball 1-0: Ball 2-0: Ground out 4-3 (Groundball, 4, EV 79.4 MPH)
|
Batting: RHB Nate Brewer
|
0-0: Foul Ball, location: 2F 0-1: Ball 1-1: SINGLE (Groundball, 56S, EV 71.9 MPH) (infield hit)
|
Pinch Hitting: RHB Tanner Holland
|
0-0: Foul Ball, location: 2F 0-1: Foul Ball, location: 2F 0-2: Ball 1-2: Foul Ball, location: 2F 1-2: Ball 2-2: Foul Ball, location: 2F 2-2: Ball 3-2: Strikes out swinging
|
Top of the 9th over - 0 runs, 1 hit, 0 errors, 1 left on base; Joplin 1 - Americus 12 |
|